 Dungeon Crawl Stone Soup version 0.19.5 (webtiles) character file.

70 QuCean the Chopper (level 4, 0/44 HPs)
             Began as a Troll Monk on May 2, 2017.
             Slain by an adder (2 damage)
             ... on level 3 of the Dungeon.
             The game lasted 00:06:17 (1081 turns).

QuCean the Chopper (Troll Monk)                     Turns: 1081, Time: 00:06:17

Health: 0/44       AC:  5    Str: 20    XL:     4   Next: 4%
Magic:  3/3        EV: 11    Int:  6    God:
Gold:   171        SH:  0    Dex: 15    Spells: 0 memorised, 3 levels left

rFire  + . .     SeeInvis .     a - +0 hand axe
rCold  . . .     Gourm    +     b - +0 robe
rNeg   . . .     Faith    .     (no shield)
rPois  .         Spirit   .     (helmet restricted)
rElec  .         Reflect  .     (no cloak)
rCorr  .         Harm     .     (gloves unavailable)
MR     .....                    (boots unavailable)
Stlth  ++........               (no amulet)
                                m - +3 ring of dexterity
                                k - ring of protection from fire

@: no status effects
A: unfitting armour, claws 3, fast metabolism 3, gourmand, regeneration 1,
shaggy fur 1, tough skin 2
a: no special abilities


You were on level 3 of the Dungeon.
You were not hungry.

You visited 1 branch of the dungeon, and saw 3 of its levels.

You collected 171 gold pieces.

Inventory:

Hand Weapons
 a - a +0 hand axe (weapon)
 w - a cursed +0 hand axe
 A - a +0 hand axe
Armour
 b - a +0 robe (worn)
 s - a cursed +0 scale mail
Jewellery
 k - a ring of protection from fire (left claw)
 m - a +3 ring of dexterity (right claw)
 t - an uncursed amulet of guardian spirit {unknown}
 v - an uncursed ring of flight {unknown}
Wands
 x - a wand of polymorph (1/24)
Scrolls
 g - a scroll of recharging {unknown}
 h - 2 scrolls of blinking {unknown}
 n - 2 scrolls of teleportation {unknown}
 o - a scroll of enchant armour {unknown}
 p - 3 scrolls of remove curse {unknown}
 q - a scroll of noise {unknown}
 u - a scroll of identify {unknown}
 y - 3 scrolls of magic mapping {unknown}
 B - a scroll of immolation {unknown}
Potions
 e - 3 potions of brilliance {unknown}
 f - a potion of resistance {unknown}
 i - a potion of cancellation {unknown}
 j - a potion of mutation {unknown}
 l - a potion of berserk rage {unknown}
 z - a potion of might {unknown}
Comestibles
 c - 5 bread rations
 d - a slice of pizza
 r - 2 meat rations


   Skills:
 + Level 2.8 Fighting
 + Level 3.2 Axes
 + Level 3.0 Dodging
 + Level 1.1 Stealth


You had 3 spell levels left.
You didn't know any spells.

Dungeon Overview and Level Annotations

Branches:
Dungeon (3/15)

Altars:
Ru


Innate Abilities, Weirdness & Mutations

You are too large for most types of armour.
You have claws for hands.
Your metabolism is lightning-fast.
You like to eat raw meat.
Your natural rate of healing is unusually fast.
You are covered in fur. (AC +1)
You have very tough skin. (AC +2)


Message History

* * * LOW HITPOINT WARNING * * *
The adder bites you but does no damage.
Unknown command.
The orc priest calls down the wrath of Beogh upon you.
Beogh smites you!
* * * LOW HITPOINT WARNING * * *
The adder bites you but does no damage. The adder closely misses you.
The adder bites you but does no damage. The orc wizard hits you with a dagger.
* * * LOW HITPOINT WARNING * * *
The orc wizard hits you with a dagger.
* * * LOW HITPOINT WARNING * * *
The adder bites you.
* * * LOW HITPOINT WARNING * * *
There is an escape hatch in the floor here.
There are monsters nearby!
Unknown command.
Unknown command.
The adder bites you.
You die...

#.# ..# ..# #.# #.. ...
#.# ############ .#.#.#
#.# #..........# .#.#..
###.###.########.#....#.#
#......o##### #.##.###.#
#.....oS....# #.#......<
#....o.S@...# #.....##.#
#..o........# #......#.#
#...######### #(...#.#.#
#?[.# #....#...#
#........... #...##....
#........... ##..(.....
#.<......... ##...##>.
#.....o..... #(..##..
#........... #...##..


You could see an orc priest, 2 orc wizards, 2 adders and an orc.

Vanquished Creatures
  Terence (D:2)
  An adder (D:2)
  A worm (D:2)
  2 leopard geckos
  An orc (D:3)
  2 bats (D:1)
  A giant cockroach (D:1)
  5 hobgoblins
  4 jackals (D:2)
  2 ball pythons
  4 goblins
  5 kobolds
  2 rats (D:1)
31 creatures vanquished.

Notes
Turn   | Place    | Note
-------+----------+-------------------------------------------
     0 | D:1      | QuCean the Troll Monk began the quest for the Orb.
     0 | D:1      | Reached XP level 1. HP: 22/22 MP: 0/0
   142 | D:1      | Reached XP level 2. HP: 28/29 MP: 1/1
   590 | D:2      | Reached XP level 3. HP: 25/36 MP: 2/2
   735 | D:2      | Found a sacrificial altar of Ru.
   819 | D:2      | Noticed Terence
   841 | D:2      | Killed Terence
  1013 | D:3      | Reached XP level 4. HP: 44/44 MP: 3/3
  1079 | D:3      | HP: 1/44 [adder (3)]
  1081 | D:3      | Slain by an adder

Skill      XL: |  1  2  3 |
---------------+----------+-----
Axes           | 3 |  3.2
Dodging        | 3 |  3.0
Fighting       | |  2.8
Stealth        | |  1.1

Action                   |  1- 3 |  4- 6 || total
-------------------------+-------+-------++-------
Melee: Hand axe          |    96 |     3 ||    99
       Unarmed           |     8 |       ||     8
 Stab: Sleeping          |     1 |       ||     1
  Eat: Chunk             |     5 |       ||     5
       Bread ration      |     1 |       ||     1
Armor: Robe              |    38 |     4 ||    42
Dodge: Dodged            |    68 |    12 ||    80
